 Dungeon Crawl Stone Soup version 0.19-a0-994-g3c636f0 (webtiles) character file.

78 Kurtz the Skirmisher (level 4, -1/36 HPs)
             Began as a Mummy Berserker on July 16, 2016.
             Was a Believer of Trog.
             Killed from afar by an orc wizard (13 damage)
             ... with a puff of flame
             ... on level 3 of the Dungeon.
             The game lasted 00:02:49 (1997 turns).

Kurtz the Skirmisher (Mummy Berserker)              Turns: 1997, Time: 00:02:50

Health: -1/36      AC:  9    Str: 20    XL:     4   Next: 15%
Magic:  13/13      EV:  8    Int:  6    God:    Trog [**....]
Gold:   113        SH:  0    Dex: 12    Spells: 0 memorised, 3 levels left

rFire  x . .     SeeInvis .     n - +0 flail
rCold  + . .     Gourm    .     m - +0 chain mail
rNeg   + + +     Faith    .     (no shield)
rPois  ∞         Spirit   .     (no helmet)
rElec  .         Dismiss  .     (no cloak)
rCorr  .         Reflect  .     (no gloves)
SustAt .         Harm     .     l - +0 pair of boots
MR     ++...                    (no amulet)
Stlth  ..........               (no ring)
                                g - ring of magical power

@: regenerating, very resistant to hostile enchantments, extremely unstealthy
A: no food or potions, fire vulnerability, cold resistance 1, negative energy
resistance 3, torment resistance, unbreathing
a: Trog's Hand, Burn Spellbooks, Renounce Religion


You were on level 3 of the Dungeon.
You worshipped Trog.
Trog was pleased with you.
You were not hungry.

You visited 1 branch of the dungeon, and saw 3 of its levels.

You collected 113 gold pieces.

Inventory:

Hand Weapons
 a - a +0 mace
 n - a +0 flail (weapon)
Missiles
 c - 31 poisoned needles
 e - 5 curare-tipped needles
 f - 5 tomahawks (quivered)
Armour
 b - a +0 animal skin
 k - a +0 scale mail
 l - a +0 pair of boots (worn)
 m - a +0 chain mail (worn)
Jewellery
 g - a ring of magical power (left hand)
Scrolls
 d - 2 scrolls of identify {unknown}
 h - 2 scrolls of teleportation {unknown}
 i - a scroll of remove curse {unknown}
 j - a scroll of recharging {unknown}


   Skills:
 + Level 3.6 Fighting
 + Level 3.0 Maces & Flails
 + Level 1.9 Armour
 + Level 2.3 Dodging
 + Level 0.3 Stealth


You had 3 spell levels left.
You didn't know any spells.

Dungeon Overview and Level Annotations

Branches:
Dungeon (3/15)

Altars:
Uskayaw
Vehumet


Innate Abilities, Weirdness & Mutations

You do not eat or drink.
Your flesh is vulnerable to fire.
You are immune to poison.
Your flesh is cold resistant. (rC+)
You are immune to negative energy. (rN+++)
You are immune to unholy pain and torment.
You can survive without breathing.


Message History

You hear some strange, mumbled words.
A puff of flame appears from out of thin air!
The puff of flame hits you! The fire burns you terribly!
You hear some strange, mumbled words.
A puff of flame appears from out of thin air!
The puff of flame hits you!
You barely miss something. Something hits you but does no damage.
You hear some strange, mumbled words.
A puff of frost appears from out of thin air!
The puff of frost hits you! You resist.
* * * LOW HITPOINT WARNING * * *
You miss something.
Something hits you but does no damage. x2
Your skin crawls.
You feel resistant to hostile enchantments.
Something hits you but does no damage. x2
You closely miss something.
You hear some strange, mumbled words.
A puff of flame appears from out of thin air!
The puff of flame hits you! The fire burns you terribly!
You die...

########## #######
#.........
......####.########
#####<)....####
#####.###.....#####.####
......# #..#....@{g.....
##.##.###.##..#####.####
##.##.....##$.#
...............
#..###.######### ...#
#.# #[## #.# #.# .# #.#
..


You could see a hobgoblin.

Vanquished Creatures
  An orc priest (D:3)
  A worm (D:2)
  2 dart slugs (D:1)
  A giant gecko (D:2)
  2 orcs (D:3)
  A giant cockroach (D:2)
  6 goblins
  6 hobgoblins
  A jackal (D:3)
  A ball python (D:2)
  2 bats
  2 giant newts (D:2)
  5 kobolds
  6 rats
37 creatures vanquished.

Vanquished Creatures (others)
  2 kobolds (D:2)
2 creatures vanquished.

Grand Total: 39 creatures vanquished

Notes
Turn   | Place    | Note
-------+----------+-------------------------------------------
     0 | D:1      | Kurtz the Mummy Berserker began the quest for the Orb.
     0 | D:1      | Reached XP level 1. HP: 18/18 MP: 1/1
   151 | D:1      | Reached XP level 2. HP: 19/24 MP: 2/2
   852 | D:2      | Found a hide-covered altar of Uskayaw.
  1016 | D:2      | Found a radiant altar of Vehumet.
  1051 | D:2      | Reached ** piety under Trog
  1293 | D:2      | Reached XP level 3. HP: 29/29 MP: 3/3
  1765 | D:3      | Reached XP level 4. HP: 15/35 MP: 4/4
  1997 | D:3      | Killed from afar by an orc wizard

Vault maps used:
D:1:      dpeg_arrival_rooms_b, dk_noncrumbling_2
D:2:      fiery_altar_vehumet, lemuel_coloured_pillars_altar
D:3:      lemuel_castle_with_subvaults, lemuel_round_altar,
          makhleb_heckhound_becter

Skill      XL: |  1  2  3 |
---------------+----------+-----
Dodging        | 2 |  2.3
Maces & Flails | 3 |  3.0
Fighting       | |  3.6
Armour         | |  1.9
Stealth        | |  0.3

Action                   |  1- 3 |  4- 6 || total
-------------------------+-------+-------++-------
Melee: Mace              |    95 |       ||    95
       Flail             |       |    42 ||    42
Invok: Trog's Hand       |       |     1 ||     1
 Stab: Sleeping          |     1 |       ||     1
Armor: Animal skin       |     6 |       ||     6
       Scale mail        |     8 |       ||     8
       Chain mail        |    18 |    32 ||    50
Dodge: Dodged            |    54 |    16 ||    70
